 Dungeon Crawl Stone Soup version 0.17.0-1-g61d176b (console) character file.

1639 siepu the Basher (level 8, -5/103 HPs)
             Began as a Minotaur Air Elementalist on Nov 7, 2015.
             Was a Follower of Ru.
             Slain by a killer bee (6 damage)
             ... on level 6 of the Dungeon.
             The game lasted 00:21:43 (7202 turns).

siepu the Basher (Minotaur Air Elementalist)        Turns: 7202, Time: 00:21:43

Health: -5/103     AC: 27    Str: 15    XL:     8   Next: 66%
Magic:  9/9        EV:  2    Int: 12    God:    Ru [*.....]
Gold:   289        SH:  0    Dex: 16    Spells: 2 memorised, 6 levels left

rFire  . . .     SeeInvis .     a - +2 battleaxe (curse)
rCold  . . .     Clarity  .     (armour currently unavailable)
rNeg   + + +     SustAt   .     (shield currently unavailable)
rPois  +         Gourm    .     (helmet currently unavailable)
rElec  .         Spirit   .     (cloak currently unavailable)
rCorr  .         Warding  .     (gloves currently unavailable)
rMut   .         NoTele   +     (boots currently unavailable)
MR     .....                    (no amulet)
Stlth  ++........               p - +5 ring of dexterity
                                w - +3 ring of protection

@: lethally poisoned (-5 -> -12), tree-form, not resistant to hostile
enchantments, unstealthy
A: (retaliatory headbutt), (horns 0), disrupted magic 1, missing an eye
a: Renounce Religion


You were on level 6 of the Dungeon.
You worshipped Ru.
Ru was aware of your devotion.
You were not hungry.
You were a tree.
You visited 2 branches of the dungeon, and saw 7 of its levels.

You collected 289 gold pieces.

Inventory:

Hand Weapons
 a - a cursed +2 battleaxe (weapon)
 b - a +1 hunting sling of freezing
 P - a +0 mace
Missiles
 m - 215 stones
 r - 4 javelins (quivered)
Armour
 d - a +0 leather armour
 u - a +0 chain mail (melded)
 A - a +0 plate armour
Jewellery
 j - an uncursed ring of teleportation
 p - a +5 ring of dexterity (right branch)
 w - a +3 ring of protection (left branch)
 M - an uncursed ring of flight
Wands
 G - a wand of enslavement (6)
Scrolls
 h - 6 scrolls of remove curse
 i - 2 scrolls of noise {unknown}
 k - 11 scrolls of identify {unknown}
 n - 4 scrolls of enchant weapon {unknown}
 o - a scroll of immolation {unknown}
 q - 3 scrolls of fear {unknown}
 s - 2 scrolls of fog {unknown}
 y - 2 scrolls of magic mapping {unknown}
 D - 2 scrolls of recharging {unknown}
 H - 2 scrolls of random uselessness {unknown}
 J - 3 scrolls of teleportation {unknown}
 K - a scroll of amnesia {unknown}
 N - a scroll of enchant armour {unknown}
Potions
 f - a potion of lignification
 g - 2 potions of invisibility {unknown}
 l - 2 potions of beneficial mutation {unknown}
 t - 3 potions of haste {unknown}
 v - 2 potions of heal wounds {unknown}
 z - a potion of might {unknown}
 F - 2 potions of brilliance {unknown}
 I - a potion of agility {unknown}
 L - a potion of cancellation {unknown}
 Q - 2 potions of poison {unknown}
Books
 x - a book of the Warp

   Spells                             Type                      Level
   a - Recall                         Summoning/Translocation      3
   b - Gell's Gravitas                Hexes/Translocation          3
   c - Force Lance                    Conjuration/Translocation    4
   d - Phase Shift                    Translocation                5
   e - Warp Weapon                    Charms/Translocation         5
   f - Summon Forest                  Summoning/Translocation      5
 B - a book of Transfigurations

   Spells                             Type                      Level
   a - Stoneskin                      Transmutation/Earth          2
   b - Irradiate                      Conjuration/Transmutation    5
   c - Statue Form                    Transmutation/Earth          6
   d - Hydra Form                     Transmutation                6
   e - Dragon Form                    Transmutation                7
 C - a book of Air

   Spells                             Type                      Level
   a - Shock                          Conjuration/Air              1
   b - Swiftness                      Charms/Air                   2
   c - Repel Missiles                 Charms/Air                   2
   d - Static Discharge               Conjuration/Air              3
   e - Lightning Bolt                 Conjuration/Air              5
Comestibles
 c - 5 bread rations
 E - 2 meat rations
 O - 2 chunks of flesh


   Skills:
 + Level 5.4 Fighting
 - Level 10.2 Maces & Flails
 - Level 4.2 Armour
 - Level 4.1 Dodging
 - Level 1.5 Stealth
 - Level 1.3 Spellcasting
 - Level 0.6 Conjurations
 - Level 2.1 Air Magic


You had 6 spell levels left.
You knew the following spells:

 Your Spells              Type           Power        Failure   Level  Hunger
a - Shock                 Conj/Air       #...         24%         1    ##.....
b - Repel Missiles        Chrm/Air       #.....       43%         2    ###....


Dungeon Overview and Level Annotations

Branches:
Dungeon (6/15)             Temple (1/1) D:4

Altars:
Cheibriados
Dithmenos
Fedhas
Gozag
Kikubaaqudgha
Makhleb
Nemelex Xobeh
Qazlal
Ru
Sif Muna
Trog
Xom
Yredelemnul
Zin
The Shining One


Innate Abilities, Weirdness & Mutations

((You reflexively headbutt those who attack you in melee.))
((You have a pair of horns on your head.))
Your casting is slightly disrupted.
You are missing an eye, making it more difficult to aim.


Message History

The killer bee stings you but does no damage. x2
The killer bee stings you.
* * * LOW HITPOINT WARNING * * *
You completely miss the killer bee.
* * * LOW HITPOINT WARNING * * *
You feel sick. The killer bee stings you.
* * * LOW HITPOINT WARNING * * *
The killer bee stings you but does no damage. x2
You barely miss the killer bee.
* * * LOW HITPOINT WARNING * * *
You feel sick. The killer bee stings you.
* * * LOW HITPOINT WARNING * * *
The killer bee stings you.
* * * LOW HITPOINT WARNING * * *
You barely miss the killer bee.
* * * LOW HITPOINT WARNING * * *
You feel sick.
The killer bee stings you but does no damage.
The killer bee stings you.
You die...

###. .# ..)#.##
#....####
#÷#....##.
#.#.......#
#o...##...#
#oy).y.o#
#y##.##.y.. ###♣#
.# .. ####...# .#
#....### .. ##.####
## ##..# ..###
#..## .... #
##.###### ..# .##
#......#####..##..>
######.............


You could see 2 killer bees and 2 orcs.

Vanquished Creatures
  Grinder (D:3)
  2 sky beasts
  A phantom (D:5)
  A centaur (D:5)
  2 ogres
  2 giant frogs (D:6)
  A scorpion (D:4)
  2 killer bees (D:6)
  4 wights
  A quasit (D:5)
  A centaur skeleton (D:4)
  2 hounds
  4 worker ants
  2 iguanas
  Robin (D:4)
  11 adders
  An ooze (D:5)
  3 worms
  6 giant geckos
  3 orcs
  11 hobgoblins
  2 jackals (D:3)
  A ball python (D:5)
  9 bats
  4 giant cockroaches
  5 giant newts
  19 goblins
  5 kobolds
  5 quokkas
  7 rats
119 creatures vanquished.

Vanquished Creatures (others)
  A wizard (D:4)
  5 sheep (D:5)
6 creatures vanquished.

Grand Total: 125 creatures vanquished

Notes
Turn   | Place    | Note
--------------------------------------------------------------
     0 | D:1      | siepu the Minotaur Air Elementalist began the quest for the Orb.
     0 | D:1      | Reached XP level 1. HP: 14/14 MP: 1/1
   106 | D:1      | Reached skill level 1 in Fighting
   254 | D:1      | Reached XP level 2. HP: 18/24 MP: 0/3
   791 | D:1      | Reached skill level 1 in Maces & Flails
  1178 | D:2      | Learned a level 2 spell: Repel Missiles
  1369 | D:2      | Reached XP level 3. HP: 21/30 MP: 1/4
  1785 | D:2      | Reached skill level 3 in Maces & Flails
  1888 | D:2      | Found an opulent altar of Gozag.
  2024 | D:3      | Reached XP level 4. HP: 25/37 MP: 5/5
  2025 | D:3      | Reached skill level 4 in Maces & Flails
  2313 | D:3      | Noticed Grinder
  2348 | D:3      | Paralysed by Grinder for 5 turns
  2584 | D:2      | Noticed a sky beast
  2612 | D:2      | Killed a sky beast
  2612 | D:2      | Reached skill level 5 in Maces & Flails
  2612 | D:2      | Reached XP level 5. HP: 35/42 MP: 6/6
  2651 | D:3      | Reached skill level 6 in Maces & Flails
  2791 | D:3      | Found a glowing silver altar of Zin.
  2893 | D:3      | Paralysed by Grinder for 2 turns
  3074 | D:3      | Paralysed by Grinder for 5 turns
  3097 | D:3      | Killed Grinder
  3097 | D:3      | Reached skill level 7 in Maces & Flails
  3097 | D:3      | Reached XP level 6. HP: 36/50 MP: 7/7
  3246 | D:3      | Found a sacrificial altar of Ru.
  3307 | D:3      | Became a worshipper of Ru the Awakened
  3386 | D:4      | Found a bloodstained altar of Trog.
  3467 | D:4      | Noticed Robin
  3509 | D:4      | Killed Robin
  3599 | D:4      | Reached skill level 8 in Maces & Flails
  3669 | D:4      | Found a shadowy altar of Dithmenos.
  3737 | D:4      | Reached XP level 7. HP: 50/56 MP: 8/8
  3873 | D:4      | Gained mutation: Your casting is slightly disrupted. [Ru sacrifice]
  3977 | D:4      | Reached skill level 9 in Maces & Flails
  4242 | D:4      | Found a staircase to the Ecumenical Temple.
  4263 | D:4      | Noticed a wizard
  4268 | D:4      | Killed a wizard
  4500 | D:5      | Entered Level 5 of the Dungeon
  4774 | D:5      | Found an ancient bone altar of Kikubaaqudgha.
  4893 | D:5      | Reached skill level 10 in Maces & Flails
  5331 | D:5      | Reached skill level 1 in Armour
  5475 | D:5      | Found a glowing golden altar of the Shining One.
  5652 | D:4      | Reached XP level 8. HP: 8/62 MP: 9/9
  5665 | Temple   | Entered the Ecumenical Temple
  6330 | D:5      | Found a shimmering altar of Xom.
  6861 | D:6      | Gained mutation: You are missing an eye, making it more difficult to aim. [Ru sacrifice]
  6861 | D:6      | Reached * piety under Ru
  7182 | D:6      | Reached skill level 5 in Fighting
  7201 | D:6      | HP: 5/103 [poisoned by a killer bee]
  7201 | D:6      | HP: 2/103 [killer bee (2)]
  7202 | D:6      | Slain by a killer bee

Action                   |  1- 3 |  4- 6 |  7- 9 || total
-------------------------+-------+-------+-------++-------
Melee: Unarmed           |    23 |       |       ||    23
       Mace              |    51 |   112 |   170 ||   333
       Dagger            |     6 |       |       ||     6
       Battleaxe         |       |       |    46 ||    46
 Fire: Hunting sling     |       |     6 |     7 ||    13
Throw: Stone             |    18 |     2 |       ||    20
       Javelin           |       |     7 |       ||     7
 Cast: Shock             |     8 |       |       ||     8
Invok: Sacrifice Essence |       |       |     1 ||     1
       Sacrifice an Eye  |       |       |     1 ||     1
  Use: Scroll            |     1 |       |       ||     1
       Potion            |       |       |     4 ||     4
 Stab: Sleeping          |     1 |       |       ||     1
       Distracted        |       |       |     1 ||     1
  Eat: Chunk             |     4 |     5 |     8 ||    17
       Fruit             |       |       |     2 ||     2
       Pizza             |       |       |     1 ||     1
